 Dungeon Crawl Stone Soup version 0.30-a0-634-g8abc85282e (webtiles) character file.

Game seed: 7925973409887714292

15 drugrobin the Sneak (level 2, 0/25 HPs)
             Began as a Demigod Delver on Jan 15, 2023.
             Slain by a hound (5 damage)
             ... on level 3 of the Dungeon.
             The game lasted 00:02:32 (347 turns).

drugrobin the Sneak (Demigod Delver)                 Turns: 347, Time: 00:02:32

Health: 0/25       AC:  3    Str: 13    XL:     2   Next: 21%
Magic:  4/4        EV: 11    Int: 12    God:
Gold:   47         SH:  0    Dex: 15    Spells: 1/1 levels left

rFire   . . .      SeeInvis .      - Unarmed
rCold   . . .      Faith    .    (no shield)
rNeg    . . .      Spirit   .    a - +0 leather armour
rPois   .          Reflect  .    (no helmet)
rElec   .          Harm     .    (no cloak)
rCorr   .          Rampage  .    (no gloves)
Will    .....                    (no boots)
Stlth   +++                      (no amulet)
HPRegen 0.24/turn                (no ring)
MPRegen 0.09/turn                (no ring)

@: no status effects
A: high MP 1, forlorn, divine attributes
a: no special abilities


You were on level 3 of the Dungeon.
You visited 1 branch of the dungeon, and saw 3 of its levels.

You collected 47 gold pieces.

Inventory:

Hand Weapons
 j - a +0 short sword
Missiles
 h - 7 stones (quivered)
Armour
 a - a +0 leather armour (worn)
Wands
 f - a wand of digging (3)
 k - a wand of polymorph (7)
Scrolls
 b - a scroll of fog
 d - a scroll of fear
 g - a scroll of poison {unknown}
 i - 2 scrolls of identify {unknown}
Potions
 c - a potion of berserk rage {unknown}
 e - a potion of haste


   Skills:
 - Level 2.6 Fighting
 - Level 1.7 Dodging
 - Level 4.5 Stealth
 + Level 2.7 Unarmed Combat


You had one spell level left.
You didn't know any spells.
Your spell library was empty.

Dungeon Overview and Level Annotations

Branches:
Dungeon (5/15)             Temple (0/1) D:4


Innate Abilities, Weirdness & Mutations

You have an increased reservoir of magic. (+10% MP)
You shall have no god before yourself.
Your divine heritage dramatically boosts your attributes as you level up.


Message History

The hound is moderately wounded.
The bat barely misses you. The hound bites you.
You hit the hound.
The hound is heavily wounded.
The hound barely misses you. The bat hits you but does no damage.
The hound closely misses you.
You hit the hound.
The hound is heavily wounded.
The bat completely misses you. The hound bites you.
* * * LOW HITPOINT WARNING * * *
You hit the hound but do no damage.
The hound is heavily wounded.
The bat hits you but does no damage. The hound bites you.
* * * LOW HITPOINT WARNING * * *
You miss the hound.
The hound is heavily wounded.
The bat closely misses you. The hound closely misses you. The hound bites you.
* * * LOW HITPOINT WARNING * * *
You closely miss the hound.
The hound is heavily wounded.
The hound closely misses you.
You hit the hound.
The hound is heavily wounded.
The bat hits you but does no damage. The hound barely misses you.
The bat hits you but does no damage. The hound closely misses you.
You hit the hound.
The hound is severely wounded.
The bat closely misses you. The hound barely misses you.
You miss the hound.
The hound is severely wounded.
The bat barely misses you. The hound bites you.
* * * LOW HITPOINT WARNING * * *
The hound barely misses you.
You barely miss the hound.
The hound is severely wounded.
The bat hits you but does no damage. The hound misses you.
You hit the hound but do no damage.
The hound is severely wounded.
The bat hits you but does no damage. The hound bites you.
You die...

#.#.#.# ## #.#.#.##..
#.#.#.##.#####
#.#.#.##.#...###
#.#>#.##....... .#
#.#..........####.#
.#.#.#..b............#.##
........@...............#
.#......h..#....†.......#
#.#....####............#
.....#.# #............#
...#..#.# #............#
## #....# #............#
#. ### #............# ..
#.....)......#
#.#.#####.#.##


You could see a hound and a bat.

Vanquished Creatures
  An adder (D:4)
  2 goblins
  A hobgoblin (D:3)
  A quokka (D:3)
  A frilled lizard (D:3)
6 creatures vanquished.

Notes
Turn   | Place    | Note
-------+----------+-------------------------------------------
     0 | D:5      | drugrobin the Demigod Delver began the quest for the Orb.
     0 | D:5      | Reached XP level 1. HP: 18/18 MP: 3/3
   227 | D:4      | Found a staircase to the Ecumenical Temple.
   254 | D:4      | Reached XP level 2. HP: 19/25 MP: 4/4
   347 | D:3      | Slain by a hound

Illustrated notes

Levels and vault maps discovered:
D:3:      layout_basic, chequers_ecumenical_altar_lobes
D:4:      dreamdust_elfheim, layout_basic, minmay_temple_entry_mini_moons,
          serial_shops, shop, shop, kennysheep_mini, nicolae_shop_crystal,
          nicolae_shop_trees, uniq_crazy_yiuf_cottage
D:5:      layout_basic, serial_shops, shop, minmay_fractal_squares_gapless_5

Skill      XL: |  1 |
---------------+----+-----
Unarmed Combat | 2 |  2.7
Fighting       | |  2.6
Dodging        | |  1.7
Stealth        | |  4.5

Action                   || total
-------------------------++-------
Melee: Short sword       ||     8
       Unarmed           ||    33
       Punch             ||     1
  Use: Scroll            ||     1
 Stab: Sleeping          ||     2
Armor: Leather armour    ||    19
Dodge: Dodged            ||    36

Table legend: (Time is in decaauts)
 A = Elapsed time spent in this place.
 B = Non-inter-level travel time spent in this place.
 C = Inter-level travel time spent in this place.
 D = Time resting spent in this place.
 E = Time spent auto-exploring this place.
 F = Levels seen in this place.
 G = Mean time per level.
                   A        B        C        D        E       F      G
               +--------+--------+--------+--------+--------+-----+--------+
         Total |    344 |    344 |      0 |      0 |     42 |   3 |  114.7 |
       Dungeon |    344 |    344 |      0 |      0 |     42 |   3 |  114.7 |
               +--------+--------+--------+--------+--------+-----+--------+

Top non-repeatable levels by time:
     D:4: 220 daAuts
     D:3: 72 daAuts
     D:5: 51 daAuts
